 Dungeon Crawl Stone Soup version 0.19-a0-1626-g5215c36 (webtiles) character file.

121 Goblin1989 the Sneak (level 5, -2/26 HPs)
             Began as a Vine Stalker Assassin on Sept 18, 2016.
             Slain by a hippogriff (3 damage)
             ... on level 3 of the Dungeon.
             The game lasted 00:05:00 (1538 turns).

Goblin1989 the Sneak (Vine Stalker Assassin)        Turns: 1538, Time: 00:05:02

Health: -2/26      AC:  3    Str: 13    XL:     5   Next: 5%
Magic:  0/6        EV: 11    Int: 11    God:
Gold:   101        SH:  0    Dex: 17    Spells: 0 memorised, 4 levels left

rFire  . . .     SeeInvis .     a - +2 dagger
rCold  . . .     Gourm    .     c - +0 robe
rNeg   . . .     Faith    .     (no shield)
rPois  .         Spirit   +     (no helmet)
rElec  .         Dismiss  .     d - +0 cloak
rCorr  +         Reflect  .     (no gloves)
MR     .....     Harm     .     (no boots)
Stlth  +++.......               (no amulet)
                                q - ring of flight
                                k - ring of resist corrosion

@: no status effects
A: fangs 2, regeneration 1, magic shield, antimagic bite, no device heal 3, rot
immunity
a: Evoke Flight


You were on level 3 of the Dungeon.
You were not hungry.

You visited 1 branch of the dungeon, and saw 3 of its levels.

You collected 101 gold pieces.

Inventory:

Hand Weapons
 a - a +2 dagger (weapon)
 b - a +0 blowgun
Missiles
 e - 27 poisoned needles
 f - 2 curare-tipped needles
Armour
 c - a +0 robe (worn)
 d - a +0 cloak (worn)
Jewellery
 k - a ring of resist corrosion (left hand)
 q - a ring of flight (right hand)
Wands
 o - a wand of enslavement (10/24)
Scrolls
 h - 3 scrolls of remove curse {unknown}
 j - 3 scrolls of identify {unknown}
 l - a scroll of teleportation {unknown}
Potions
 i - a potion of curing {unknown}
 m - a potion of resistance {unknown}
 p - 2 potions of degeneration {unknown}
Comestibles
 g - 2 bread rations
 n - a meat ration


   Skills:
 - Level 1.7 Fighting
 * Level 4.4 Short Blades
 - Level 1.7 Throwing
 - Level 0.7 Dodging
 - Level 5.1 Stealth


You had 4 spell levels left.
You didn't know any spells.

Dungeon Overview and Level Annotations

Branches:
Dungeon (3/15)

Altars:


Innate Abilities, Weirdness & Mutations

You have extremely sharp teeth.
Your natural rate of healing is unusually fast.
When hurt, damage is shared between your health and your magic reserves.
Your bite disrupts and absorbs the magic of your enemies.
Potions and wands cannot restore your health.
You are immune to rotting.


Message History

You now have 4/6 mp.
You hit the hippogriff. Your bite misses the hippogriff.
The hippogriff is moderately wounded.
The hippogriff bites you. The hippogriff closely misses you.
The hippogriff barely misses you.
You take 2 damage, and have 13/26 hp.
You now have 3/6 mp.
You hit the hippogriff.
The hippogriff is moderately wounded.
The hippogriff bites you!
* * * LOW HITPOINT WARNING * * *
The hippogriff pecks you.
* * * LOW HITPOINT WARNING * * *
The hippogriff claws you but does no damage.
You take 12 damage, and have 1/26 hp.
MASSIVE DAMAGE!!
You now have 0/6 mp.
You barely miss the hippogriff. Your bite misses the hippogriff.
The hippogriff is moderately wounded.
The hippogriff bites you.
You die...

# .# .. .# ...)
.#### ..... ##....
...... ....###...
......###H.......>
.......)@...###...
.............$.#.#
#.###............
##.........##
#.##...#### #.
#<..# #. #...#
#....†.# #####..#


You could see a hippogriff.

Vanquished Creatures
  Terence (D:2)
  3 gnolls (D:2)
  3 adders
  An ooze (D:1)
  A worm (D:3)
  A dart slug (D:2)
  4 giant cockroaches
  2 hobgoblins (D:1)
  2 jackals (D:2)
  A quokka (D:2)
  5 bats (D:1)
  2 goblins
  7 kobolds
  3 rats
36 creatures vanquished.

Notes
Turn   | Place    | Note
-------+----------+-------------------------------------------
     0 | D:1      | Goblin1989 the Vine Stalker Assassin began the quest for the Orb.
     0 | D:1      | Reached XP level 1. HP: 11/11 MP: 2/2
   134 | D:1      | Reached skill level 5 in Stealth
   134 | D:1      | Reached XP level 2. HP: 15/15 MP: 3/3
   662 | D:2      | Reached XP level 3. HP: 18/18 MP: 4/4
   682 | D:2      | Gained mutation: Your natural rate of healing is unusually fast. [Vine Stalker growth]
   682 | D:2      | Reached XP level 4. HP: 23/23 MP: 5/5
   889 | D:2      | Noticed Terence
   980 | D:2      | Killed Terence
  1426 | D:3      | Noticed a hippogriff
  1439 | D:3      | Reached XP level 5. HP: 9/26 MP: 1/6
  1537 | D:3      | HP: 1/26 [hippogriff (5)]
  1538 | D:3      | Slain by a hippogriff

Vault maps used:
D:1:      minmay_arrival_four_loops
D:2:      uniq_terence
D:3:      kennysheep_slug_shrine, first_bread, uniq_robin

Skill      XL: |  1  2  3  4 |
---------------+-------------+-----
Short Blades   | 2 3 4 |  4.4
Stealth        | 5 |  5.1
Fighting       | |  1.7
Throwing       | |  1.7
Dodging        | |  0.7

Action                   |  1- 3 |  4- 6 || total
-------------------------+-------+-------++-------
Melee: Dagger            |    42 |    82 ||   124
       Bite              |     6 |    28 ||    34
 Stab: Sleeping          |     7 |     6 ||    13
  Eat: Chunk             |       |     2 ||     2
Armor: Robe              |    20 |     7 ||    27
Dodge: Dodged            |    27 |    33 ||    60
